 Dungeon Crawl Stone Soup version 0.19-a0-1888-g6ba2374 (webtiles) character file.

1107 Naow the Cleaver (level 8, 0/58 HPs)
             Began as a Formicid Fighter on Oct 17, 2016.
             Slain by an orc warrior
             ... wielding a +1 glaive of venom
              (11 damage)
             ... on level 6 of the Dungeon.
             The game lasted 00:07:39 (5289 turns).

Naow the Cleaver (Formicid Fighter)                 Turns: 5289, Time: 00:07:39

Health: 0/58       AC:  8    Str: 27    XL:     8   Next: 59%
Magic:  8/8        EV:  8    Int:  9    God:
Gold:   298        SH: 10    Dex: 10    Spells: 0 memorised, 7 levels left

rFire  . . .     SeeInvis +     a - +0 war axe
rCold  . . .     Gourm    .     b - +0 scale mail
rNeg   . . .     Faith    .     c - +0 shield
rPois  .         Spirit   .     (helmet unavailable)
rElec  .         Dismiss  +     (no cloak)
rCorr  .         Reflect  .     w - +0 pair of gloves
MR     +....     Harm     .     (no boots)
Stlth  ..........               l - amulet of dismissal (curse)
                                (no ring)
                                s - ring of protection from magic

@: mighty
A: permanent stasis, dig shafts and tunnels, four strong arms, antennae 3
a: Dig, Shaft Self


You were on level 6 of the Dungeon.
You were not hungry.

You visited 2 branches of the dungeon, and saw 7 of its levels.

You collected 298 gold pieces.

Inventory:

Hand Weapons
 a - a +0 war axe (weapon)
Armour
 b - a +0 scale mail (worn)
 c - a +0 shield (worn)
 w - a +0 pair of gloves (worn)
Jewellery
 l - a cursed amulet of dismissal (around neck)
 s - a ring of protection from magic (left hand)
 D - a +3 ring of intelligence {unknown}
Wands
 E - a wand of disintegration (19/24)
Scrolls
 i - 2 scrolls of enchant armour {unknown}
 j - 2 scrolls of immolation {unknown}
 k - 3 scrolls of magic mapping {unknown}
 m - 2 scrolls of amnesia {unknown}
 q - 6 scrolls of teleportation {unknown}
 t - 4 scrolls of identify {unknown}
 x - 2 scrolls of random uselessness {unknown}
 y - a scroll of remove curse {unknown}
 B - a scroll of enchant weapon {unknown}
 G - 2 scrolls of fog {unknown}
 H - a scroll of acquirement {unknown}
Potions
 e - a potion of lignification {unknown}
 n - 2 potions of berserk rage {unknown}
 o - 2 potions of heal wounds {unknown}
 p - a potion of curing
 r - a potion of brilliance {unknown}
 v - 4 potions of cancellation {unknown}
 A - a potion of magic {unknown}
 F - a potion of flight {unknown}
 I - a potion of agility {unknown}
Books
 u - a book of Cantrips

   Spells                             Type                      Level
   a - Confusing Touch                Hexes                        1
   b - Animate Skeleton               Necromancy                   1
   c - Summon Small Mammal            Summoning                    1
   d - Apportation                    Translocation                1
Comestibles
 f - 3 bread rations
 g - 4 meat rations
 h - a slice of pizza
 z - 3 fruits
 C - 8 chunks of flesh


   Skills:
 - Level 3.2 Fighting
 - Level 9.3 Axes
 - Level 3.2 Armour
 + Level 5.0 Shields


You had 7 spell levels left.
You didn't know any spells.

Dungeon Overview and Level Annotations

Branches:
Dungeon (6/15)             Temple (1/1) D:4

Altars:
Cheibriados
Dithmenos
Elyvilon
Gozag
Hepliaklqana
Kikubaaqudgha
Makhleb
Sif Muna
Trog
Uskayaw
Vehumet
Yredelemnul
Zin
The Shining One
Lugonu


Innate Abilities, Weirdness & Mutations

You are under a permanent stasis effect.
You can dig through walls and to a lower floor.
Your four strong arms can wield two-handed weapons with a shield.
You have a pair of large antennae on your head. (SInv)


Message History

The orc wizard hits you but does no damage.
You block the orc warrior's attack.
You are too injured to fight recklessly!
You are too injured to fight recklessly!
You slash the orc priest!
You kill the orc priest!
You completely miss the orc wizard. The orc wizard closely misses you.
The orc warrior hits you from afar with a glaive of venom.
* * * LOW HITPOINT WARNING * * *
You are poisoned.
You slash the orc wizard!
You kill the orc wizard!
Your Shields skill increases to level 5!
You feel sick. You block the orc warrior's attack.
You feel better.
You feel very mighty all of a sudden.
The orc warrior hits you from afar with a glaive of venom.
* * * LOW HITPOINT WARNING * * *
The orc warrior hits you with a glaive of venom!
You die...

#........# . #........#
.. ###### ##.......#
...##....#####........#
.........#...#........#
.............#........#
.........)...#........#
...####'##...##.......#
.. #.)@##...##...(...#
#...o......'.......##
#....#######.........
#....# #.........
#....# #..........
#....# +..........
#....# ###########
#....# ......##
........


You could see an orc warrior.

Vanquished Creatures
  Duvessa (D:5)
  2 phantoms
  An ogre (D:5)
  A centaur (D:5)
  Dowan (D:5)
  2 scorpions (D:5)
  A gnoll shaman (D:4)
  A hound (D:5)
  2 orc priests
  2 orc wizards
  3 worker ants
  5 gnolls (D:4)
  9 adders
  A shadow imp (D:5)
  2 oozes
  An adder skeleton (D:4)
  A worm (D:2)
  2 dart slugs
  5 leopard geckos
  16 orcs
  5 bats
  4 giant cockroaches
  5 goblins
  8 hobgoblins
  14 jackals
  4 quokkas
  A frilled lizard (D:1)
  14 kobolds
  A leopard gecko skeleton (D:4)
  9 rats
  2 plants (D:3)
126 creatures vanquished.

Vanquished Creatures (others)
  A jackal (D:3)
  A plant (D:3)
2 creatures vanquished.

Grand Total: 128 creatures vanquished

Notes
Turn   | Place    | Note
-------+----------+-------------------------------------------
     0 | D:1      | Naow the Formicid Fighter began the quest for the Orb.
     0 | D:1      | Reached XP level 1. HP: 18/18 MP: 1/1
   126 | D:1      | Reached XP level 2. HP: 21/24 MP: 2/2
   256 | D:1      | Reached skill level 3 in Axes
   417 | D:1      | Reached XP level 3. HP: 29/29 MP: 3/3
  1034 | D:2      | Reached skill level 4 in Axes
  1034 | D:2      | Reached XP level 4. HP: 10/35 MP: 4/4
  1595 | D:2      | Found a basalt altar of Yredelemnul.
  1601 | D:2      | Found a snail-covered altar of Cheibriados.
  1611 | D:2      | Found a burning altar of Makhleb.
  1613 | D:2      | Found a bloodstained altar of Trog.
  1757 | D:3      | Reached XP level 5. HP: 27/41 MP: 5/5
  1989 | D:3      | Reached skill level 5 in Axes
  2362 | D:3      | Found a radiant altar of Vehumet.
  2616 | D:4      | Found a staircase to the Ecumenical Temple.
  2625 | Temple   | Entered the Ecumenical Temple
  2716 | D:4      | Reached XP level 6. HP: 27/47 MP: 6/6
  2722 | D:4      | Reached skill level 6 in Axes
  3150 | D:4      | Noticed a phantom
  3170 | D:4      | Killed a phantom
  3170 | D:4      | Reached XP level 7. HP: 52/52 MP: 7/7
  3212 | D:4      | Reached skill level 7 in Axes
  3255 | D:4      | Found a white marble altar of Elyvilon.
  3775 | D:5      | Entered Level 5 of the Dungeon
  3789 | D:5      | Found an opulent altar of Gozag.
  4228 | D:5      | Reached skill level 8 in Axes
  4540 | D:5      | Found a white marble altar of Elyvilon.
  4541 | D:5      | Found a glowing silver altar of Zin.
  4543 | D:5      | Found a glowing golden altar of the Shining One.
  4591 | D:5      | Noticed Duvessa
  4593 | D:5      | Noticed Dowan
  4603 | D:5      | Killed Duvessa
  4603 | D:5      | Reached XP level 8. HP: 46/58 MP: 8/8
  4612 | D:5      | Reached skill level 9 in Axes
  5016 | D:5      | Killed Dowan
  5286 | D:6      | Reached skill level 5 in Shields
  5289 | D:6      | Slain by an orc warrior

Vault maps used:
D:1:      eino_arrival_water_star, st_stairs_6
D:2:      minitemple
D:3:      minmay_goblin_kobold_castle, vehumet_crystals, first_bread,
          serial_bayou_lagoon_a
D:4:      lemuel_statue_altar
D:5:      good_gods_temple_1, grunt_ministairs_9, grunt_gozag_breadcrumbs,
          uniq_duvessa
D:6:      cheibrodos_ashenzari_chains
Temple:   corrupted_temple

Skill      XL: |  1  2  3  4  5  6  7  8 |
---------------+-------------------------+-----
Axes           | 3 4 5 6 8 9 |  9.3
Shields        | 5 |  5.0
Fighting       | |  3.2
Armour         | |  3.2

Action                   |  1- 3 |  4- 6 |  7- 9 || total
-------------------------+-------+-------+-------++-------
Melee: War axe           |   113 |   160 |   191 ||   464
  Use: Potion            |       |       |     3 ||     3
  Eat: Chunk             |     1 |     7 |     7 ||    15
Armor: Scale mail        |    38 |    60 |    51 ||   149
Dodge: Dodged            |    31 |    57 |    79 ||   167
Block: Shield            |    68 |    69 |    88 ||   225
